 Dungeon Sprint DCSS version 0.28-a0-429-g1448048969 (webtiles) character file.

Game seed: 6139023404375210372

476968 dolemite99 the Conqueror (level 18, 200/200 HPs)
             Began as a Minotaur Gladiator on Sept 12, 2021.
             Was the Champion of Yredelemnul.
             Escaped with the Orb!
             The game lasted 01:10:57 (6496 turns).

dolemite99 the Conqueror (Minotaur Gladiator)       Turns: 6496, Time: 01:10:58

Health: 200/200    AC: 54    Str: 25    XL:     18   Next: 92%
Magic:  30/30      EV: 15    Int:  6    God:    Yredelemnul [******]
Gold:   0          SH:  0    Dex: 11    Spells: 25/35 levels left

rFire   + + +      SeeInvis .   F - +8 frozen axe "Frostbite" {freezing cloud, *Noise Fly rC+}
rCold   + + +      Faith    +   (shield currently unavailable)
rNeg    . . .      Spirit   .   H - +12 gold dragon scales
rPois   +          Reflect  .   j - +2 hat {Will+}
rElec   +          Harm     .   A - +2 cloak {rPois}
rCorr   +          Rampage  +   P - +3 pair of gauntlets of War {Slay+5}
Will    +++..      NoTele   +   Q - +2 pair of boots {rampage}
Stlth   ..........              d - amulet of faith
HPRegen 0.43/turn               n - ring of Losaemu {rElec rPois rC+ Will+}
MPRegen 0.22/turn               S - ring of the Worm {rF+++ rCorr Dex-2}

@: flying, studying 2 skills
A: horns 2, retaliatory headbutt, subdued magic 1, inability to read while
threatened
0: Orb of Zot
a: Renounce Religion, Recall Undead Slaves, Injury Mirror, Animate Dead, Drain
Life, Enslave Soul


You escaped.
You worshipped Yredelemnul.
Yredelemnul was exalted by your worship.
You visited 1 branch

Inventory:

Hand Weapons
 a - a +7 vampiric executioner's axe
 b - the +9 arbalest of Intuition {speed, rElec rC+ rCorr Int-3}
   (You found it in the Dungeon)

   Attacks with this weapon are significantly faster.
   Int:       It affects your intelligence (-3).
   rC:        It protects you from cold.
   rElec:     It insulates you from electricity.
   rCorr:     It protects you from acid and corrosion.
 w - the +8 mithril axe "Arga" {speed, Will+}
   (You found it in the Dungeon)

   Attacks with this weapon are significantly faster.
   Will:      It increases your willpower.
 F - the +8 frozen axe "Frostbite" (weapon) {freezing cloud, *Noise Fly rC+}
   (You found it in the Dungeon)

   It freezes those it strikes, dealing additional cold damage.
   It can also slow down cold-blooded creatures.
   It occasionally leaves clouds of freezing vapour upon striking a foe.
   It grants immunity to clouds of freezing vapour.
   rC:        It protects you from cold.
   Fly:       It grants you flight.
   *Noise:    It may make noises in combat.
 G - the +7 great mace "Firestarter" {inner flame, rF++}
   (You found it in the Dungeon)

   It burns those it strikes, dealing additional fire damage.
   It fills those it strikes with an explosive inner flame.
   It grants immunity to clouds of flame.
   rF:        It greatly protects you from fire.
 U - the +9 heavy crossbow "Sniper" {vorpal, Acc+∞ SInv}
   (You found it in the Dungeon)

   Any ammunition fired from it inflicts extra damage upon your enemies.
   Any ammunition fired from it never misses its target.
   SInv:      It lets you see invisible.
Missiles
 T - 999 bolts
Armour
 j - a +2 hat of willpower (worn)
 A - a +2 cloak of poison resistance (worn)
 H - +12 gold dragon scales (worn)
 P - the +3 pair of gauntlets of War (worn) {Slay+5}
   (You found it in the Dungeon)

   Slay:      It affects your accuracy & damage with ranged weapons and melee
   (+5).
 Q - a +2 pair of boots of rampaging (worn)
Jewellery
 c - a +6 ring of dexterity
 d - an amulet of faith (around neck)
 n - the ring of Losaemu (left hand) {rElec rPois rC+ Will+}
   (You found it in the Dungeon)

   [ring of protection from cold]

   rC:        It protects you from cold.
   rElec:     It insulates you from electricity.
   rPois:     It protects you from poison.
   Will:      It increases your willpower.
 x - the ring "Xehecoff" {Ice rElec Dex+8}
   (You found it in the Dungeon)

   [ring of ice]

   It enhances your ice magic.
   Dex:       It affects your dexterity (+8).
   rF:        It makes you vulnerable to fire.
   rC:        It protects you from cold.
   rElec:     It insulates you from electricity.
 y - a ring of positive energy
 z - the ring "Bidy" {EV+4 Int+4}
   (You took it off a green draconian in the Dungeon)

   [ring of evasion]

   EV:        It affects your evasion (+4).
   Int:       It affects your intelligence (+4).
 B - a ring of see invisible
 C - the amulet "Irorhod" {rF+ Regen+ Stlth+}
   (You found it in the Dungeon)

   [amulet of regeneration]

   rF:        It protects you from fire.
   Regen:     It increases your rate of health regeneration.
   Stlth:     It makes you more stealthy.
 D - the ring "Ceudgh" {rF+ rCorr Int+5 Stlth-}
   (You found it in the Dungeon)

   [ring of protection from fire]

   Int:       It affects your intelligence (+5).
   rF:        It protects you from fire.
   rCorr:     It protects you from acid and corrosion.
   Stlth:     It makes you less stealthy.
 K - the ring "Giebuog" {Will+ Int+4}
   (You found it in the Dungeon)

   [ring of willpower]

   Int:       It affects your intelligence (+4).
   Will:      It increases your willpower.
 L - the ring "Xeilin" {rC+ MP+9}
   (You found it in the Dungeon)

   [ring of magical power]

   rC:        It protects you from cold.
   MP:        It affects your magic capacity (+9).
 M - a ring of positive energy
 O - the amulet of Iffatoch {Spirit Rampage rC++}
   (You took it off a spriggan air mage in the Dungeon)

   [amulet of guardian spirit]

   It causes incoming damage to be divided between your reserves of health and
   magic.
   rC:        It greatly protects you from cold.
   Rampage:   It bestows one free step when moving towards enemies.
 R - the ring "Yheluiqy" {Wiz rF++ rCorr Slay-3 Stlth-}
   (You found it in the Dungeon)

   [ring of wizardry]

   It improves your spell success rate.
   Slay:      It affects your accuracy & damage with ranged weapons and melee
   (-3).
   rF:        It greatly protects you from fire.
   rCorr:     It protects you from acid and corrosion.
   Stlth:     It makes you less stealthy.
 S - the ring of the Worm (right hand) {rF+++ rCorr Dex-2}
   (You found it in the Dungeon)

   [ring of resist corrosion]

   Dex:       It affects your dexterity (-2).
   rF:        It renders you almost immune to fire.
   rCorr:     It protects you from acid and corrosion.
 V - the ring of the Solstice {rPois rC+ Will+ rCorr}
   (You found it in the Dungeon)

   [ring of protection from cold]

   rC:        It protects you from cold.
   rPois:     It protects you from poison.
   rCorr:     It protects you from acid and corrosion.
   Will:      It increases your willpower.
Wands
 u - a wand of mindburst (7)
 v - a wand of iceblast (4)
Scrolls
 p - 4 scrolls of amnesia
 q - 7 scrolls of fog
 s - 5 scrolls of identify {@r1}
 t - a scroll of fear
 I - a scroll of brand weapon
Potions
 e - 9 potions of curing
 f - 6 potions of heal wounds
 g - 4 potions of haste
 h - 2 potions of magic
 i - 3 potions of berserk rage
 k - 2 potions of brilliance
 l - a potion of invisibility
 m - 3 potions of resistance
 o - 3 potions of might
Miscellaneous
 r - a box of beasts
 E - a lightning rod (4/4)
 J - a phantom mirror
 N - a tin of tremorstones (2/2)
 W - a lightning rod (4/4)
 Y - a condenser vane
 Z - a phial of floods


   Skills:
 O Level 27 Fighting
 - Level 23.7(26.0) Axes
 - Level 20.0(24.5) Maces & Flails
 - Level 8.7(15.5) Staves
 - Level 5.4(5.7) Slings
 - Level 23.6 Crossbows
 - Level 2.0(3.7) Throwing
 O Level 27 Armour
 O Level 27 Dodging
 + Level 9.0 Spellcasting
 - Level 12.0 Necromancy
 - Level 13.9 Translocations
 - Level 17.0 Invocations
 - Level 21.6 Evocations


You had 25 spell levels left.
You knew the following spells:

 Your Spells              Type           Power      Damage    Failure   Level
a - Vampiric Draining     Necr           6%         2d6       2%          3
b - Swiftness             Air            2%         N/A       98%         3
c - Blink                 Tloc           N/A        N/A       1%          2
d - Sublimation of Blood  Necr           6%         N/A       1%          2

Your spell library contained the following spells:

 Spells                   Type           Power      Damage    Failure   Level
 Animate Skeleton         Necr           26%        N/A       1%          1
 Apportation              Tloc           28%        N/A       1%          1
 Pain                     Necr           52%        1d6       1%          1
 Gell's Gravitas          Tloc           7%         N/A       1%          3
 Lesser Beckoning         Tloc           14%        N/A       1%          3
 Teleport Other           Tloc           14%        N/A       1%          3
 Passage of Golubria      Tloc           N/A        N/A       3%          4
 Animate Dead             Necr           6%         N/A       8%          4
 Dispel Undead            Necr           13%        3d9       8%          4
 Manifold Assault         Tloc           14%        N/A       11%         5
 Corpse Rot               Necr/Air       N/A        N/A       16%         2
 Portal Projectile        Hex/Tloc       16%        N/A       21%         3
 Agony                    Necr           13%        N/A       24%         5
 Excruciating Wounds      Necr           6%         N/A       24%         5
 Beastly Appendage        Tmut           4%         N/A       77%         1
 Foxfire                  Conj/Fire      8%         2x1d4     77%         1
 Freeze                   Ice            8%         1d3       77%         1
 Magic Dart               Conj           8%         1d3       77%         1
 Sandblast                Erth           4%         2d4       77%         1
 Shock                    Conj/Air       8%         1d3       77%         1
 Sting                    Tmut/Pois      8%         1d3       77%         1
 Death Channel            Necr           6%         N/A       80%         6
 Call Imp                 Summ           2%         N/A       89%         2
 Ensorcelled Hibernation  Hex/Ice        4%         N/A       89%         2
 Passwall                 Tmut/Erth      1%         N/A       89%         2
 Poisonous Vapours        Pois/Air       4%         N/A       89%         2
 Scorch                   Fire           4%         2d5       89%         2
 Searing Ray              Conj           4%         2d4       89%         2
 Slow                     Hex            2%         N/A       89%         2
 Static Discharge         Conj/Air       2%         N/A       89%         2
 Wereblood                Tmut           2%         N/A       89%         2
 Summon Forest            Summ/Tloc      4%         N/A       90%         5
 Borgnjor's Vile Clutch   Necr/Erth      3%         N/A       96%         5
 Call Canine Familiar     Summ           2%         N/A       98%         3
 Confusing Touch          Hex            2%         N/A       98%         3
 Conjure Flame            Conj/Fire      2%         6-21      98%         3
 Dazzling Flash           Conj/Hex       4%         N/A       98%         3
 Frozen Ramparts          Ice            4%         1d2       98%         3
 Ignite Poison            Fire/Tmut/Pois 2%         N/A       98%         3
 Inner Flame              Hex/Fire       2%         N/A       98%         3
 Mephitic Cloud           Conj/Pois/Air  2%         N/A       98%         3
 Spider Form              Tmut/Pois      1%         N/A       98%         3
 Stone Arrow              Conj/Erth      4%         3d7       98%         3
 Summon Guardian Golem    Hex/Summ       2%         N/A       98%         3
 Tukima's Dance           Hex            2%         N/A       98%         3
 Airstrike                Air            1%         N/A       100%        4
 Animate Armour           Summ/Erth      4%         N/A       100%        4
 Flame Wave               Conj/Fire      2%         3d3       100%        4
 Fulminant Prism          Conj/Hex       1%         3d6       100%        4
 Hailstorm                Conj/Ice       2%         3d3       100%        4
 Ice Form                 Ice/Tmut       2%         N/A       100%        4
 Leda's Liquefaction      Hex/Erth       1%         N/A       100%        4
 Petrify                  Tmut/Erth      2%         N/A       100%        4
 Sticky Flame             Conj/Fire      2%         2d3       100%        4
 Summon Ice Beast         Ice/Summ       2%         N/A       100%        4
 Summon Lightning Spire   Summ/Air       2%         N/A       100%        4
 Alistair's Intoxication  Tmut/Pois      1%         N/A       100%        5
 Blade Hands              Tmut           1%         N/A       100%        5
 Fireball                 Conj/Fire      1%         3d3       100%        5
 Freezing Cloud           Conj/Ice/Air   1%         6-21      100%        5
 Irradiate                Conj/Tmut      1%         3d14      100%        5
 Iskenderun's Battlesphe  Conj           2%         2d6       100%        5
 Lightning Bolt           Conj/Air       1%         1d12      100%        5
 Metabolic Englaciation   Hex/Ice        1%         N/A       100%        5
 Silence                  Hex/Air        1%         N/A       100%        5
 Summon Mana Viper        Hex/Summ       2%         N/A       100%        5
 Yara's Violent Unravell  Hex/Tmut       1%         3d3       100%        5
 Conjure Ball Lightning   Conj/Air       1%         3x3d6     100%        6
 Eringya's Noxious Bog    Tmut/Pois      1%         N/A       100%        6
 Invisibility             Hex            1%         N/A       100%        6
 Iron Shot                Conj/Erth      1%         9d1       100%        6
 Simulacrum               Ice/Necr       3%         N/A       100%        6
 Starburst                Conj/Fire      1%         6d3       100%        6
 Statue Form              Tmut/Erth      1%         N/A       100%        6
 Summon Cactus Giant      Summ           1%         N/A       100%        6
 Haunt                    Necr/Summ      3%         N/A       100%        7
 Malign Gateway           Summ/Tloc      4%         N/A       100%        7
 Monstrous Menagerie      Summ           1%         N/A       100%        7
 Orb of Destruction       Conj           1%         N/A       100%        7
 Ozocubu's Refrigeration  Ice            1%         4d5       100%        7
 Spellforged Servitor     Conj/Summ      1%         N/A       100%        7
 Storm Form               Tmut/Air       1%         N/A       100%        7
 Summon Hydra             Summ           1%         N/A       100%        7
 Borgnjor's Revivificati  Necr           6%         N/A       100%        8
 Ignition                 Fire           1%         3d3       100%        8
 Infestation              Necr           6%         N/A       100%        8
 Lehudib's Crystal Spear  Conj/Erth      1%         10d2      100%        8
 Maxwell's Capacitive Co  Air            1%         ∞         100%        8
 Necromutation            Tmut/Necr      3%         N/A       100%        8
 Summon Horrible Things   Summ           1%         N/A       100%        8
 Death's Door             Necr           6%         N/A       100%        9
 Polar Vortex             Ice            1%         N/A       100%        9


Dungeon Overview and Level Annotations

Branches:
Dungeon (1/1)

Altars:
Ashenzari
Cheibriados
Dithmenos
Elyvilon
Fedhas
Gozag
Hepliaklqana
Kikubaaqudgha
Makhleb
Nemelex Xobeh
Okawaru
Qazlal
Ru
Sif Muna
Trog
Uskayaw
Vehumet
Wu Jian
Xom
Yredelemnul
Zin
The Shining One
Beogh
Jiyva
Lugonu


Innate Abilities, Weirdness & Mutations

You have a pair of horns on your head.
You reflexively headbutt those who attack you in melee.
Your spells are a little easier to cast, but a little less powerful.
You sometimes lose the ability to read scrolls when taking damage.


Message History

You swap places.
You swap places.
You swap places.
You see here the Orb of Zot.
You swap places.
There is a staircase leading out of the dungeon here.
You start waiting.
You swap places.
You swap places.
There is a staircase leading out of the dungeon here.
You swap places.
You swap places.
You swap places.
You see here the Orb of Zot.
You swap places.
You swap places.
You see here the Orb of Zot.
You swap places.
You swap places.
You swap places.
There is a staircase leading out of the dungeon here.
You swap places.
You swap places.
There is a staircase leading out of the dungeon here.
You swap places.
You swap places.
You swap places.
You see here the Orb of Zot.
You pick up the Orb of Zot!
The Orb lets out a hideous shriek!
The lords of Pandemonium are not amused.
Beware!
Now all you have to do is get back out of the dungeon!
Unknown command.
You swap places.
You swap places.
You swap places.
There is a staircase leading out of the dungeon here.
You swap places.
You swap places.
There is a staircase leading out of the dungeon here.
You have escaped!

...VVVzVnWZ.▓..▓.......▓..▓...8©8
....WZVVzWn.▓.▓▓▓.....▓▓▓.▓...).[
...)ZZWZVZ..▓..▓.......▓..▓..))|:
....ZZ......▓.............▓......
..........).▓......©......▓......
.........=..▓▓▓▓▓▓▓▓▓▓▓▓▓▓▓......
▓.Z.ZzZ.▓...▓8888888888888▓......
=▓Zn...▓.▓..▓8ZZnzZz.....8▓..▓...
▓ZV..WW.▓...▓8WV@WVZZ.©..8▓.▓....
....V.......▓8VZZDWZ.....8▓....©.
....W.......▓8888888888888▓▓▓▓▓▓▓
▓▓▓▓▓▓▓▓▓▓▓▓▓▓▓▓▓▓▓▓▓▓▓▓▓▓▓▓▓▓▓▓▓
zWn..8©8.Z......▓........8©8.....
WzW|"})}[VZZ?.=.▓.[=))Z=}})}.Z)|}
VVV|))[:}VZ))}).▓.:[="Z[}([|[Z})}
zVV||"VVZZZ=)...▓.))|)Z.([nVW}).)


ZVWVVWzzVZZZ....▓.....ZZWzVZWZ.). You could see a friendly bone dragon, a
friendly ghoul, a friendly vampire knight, 2 friendly skeletal warriors, a
friendly flayed ghost, 2 friendly phantasmal warriors, 2 friendly vampires, a
friendly spriggan defender zombie, a friendly merfolk impaler zombie, a friendly
cyclops zombie, a friendly ettin zombie, 2 friendly fire giant zombies, a
friendly green draconian zombie and a friendly cyclops skeleton.

Vanquished Creatures
  4 orbs of fire (D)
  2 shard shrikes (D)
  A profane servitor (D)
  2 titans (D)
  6 quicksilver dragons (D)
  11 fire giants (D)
  5 iron dragons (D)
  2 frost giants (D)
  3 balrugs (D)
  2 ghouls (D)
  13 stone giants (D)
  A green draconian (D)
  A vampire knight (D)
  A deep elf annihilator (D)
  A black draconian (D)
  2 purple draconians (D)
  3 red draconians (D)
  A yellow draconian (D)
  2 wendigos (D)
  2 iron golems (D)
  2 merfolk javelineers (D)
  A crystal guardian (D)
  A merfolk impaler (D)
  4 fire dragons (D)
  An ice dragon (D)
  A salamander tyrant (D)
  2 hydras (D)
  2 spriggan air magi (D)
  3 merfolk aquamancers (D)
  A satyr (D)
  A hell hog (D)
  3 spriggan berserkers (D)
  2 deep elf knights (D)
  A spriggan druid (D)
  A swamp dragon (D)
  3 phantasmal warriors (D)
  4 deep elf pyromancers (D)
  A harpy (D)
  A wolf spider (D)
  2 manticores (D)
  2 ugly things (D)
  6 cyclopes (D)
  A merfolk siren (D)
  2 water nymphs (D)
  A black mamba (D)
  3 gargoyles (D)
  An efreet (D)
  5 cane toads (D)
  A rime drake (D)
  4 komodo dragons (D)
  A demonic crawler (D)
  A hornet (shapeshifter) (D)
  A merfolk (D)
  2 wind drakes (D)
  3 hornets (D)
  A jumping spider (D)
  A raiju (shapeshifter) (D)
  A dream sheep (D)
  2 blink frogs (D)
  3 flying skulls (D)
  A spriggan (D)
  2 vampires (D)
  2 wyverns (D)
  A water elemental (D)
  A human (shapeshifter) (D)
  A basilisk (D)
  A yak (D)
  2 fire elementals (D)
  A steam dragon (D)
  2 hell hounds (D)
  3 swamp drakes (D)
  6 water moccasins (D)
  A floating eye (D)
  A black bear (shapeshifter) (D)
  A quicksilver dragon zombie (D)
  A black bear (D)
  4 wolves (D)
  A centaur (D)
  A phantom (D)
  A bullfrog (D)
  3 earth elementals (D)
  An iron dragon zombie (D)
  A stone giant zombie (D)
  A purple draconian zombie (D)
  An iguana (D)
  A white draconian zombie (D)
  A mummy (D)
  A river rat (D)
  A spectral adder (D)
  2 elf zombies (D)
  A water nymph zombie (D)
  A spectral bat (D)
  A black bear zombie (D)
  2 endoplasms (D)
  2 jackals (D)
  A steam dragon zombie (D)
  A wolf zombie (D)
  A creeping inferno (D)
  A fire vortex (D)
202 creatures vanquished.

Vanquished Creatures (collateral kills)
  A dread lich (D)
  An orb of fire (D)
  A royal mummy (D)
  A caustic shrike (D)
  A bone dragon (D)
  A Tzitzimitl (D)
  A doom hound (D)
  2 tentacled monstrosities (D)
  A searing wretch (D)
  A lich (D)
  5 titans (D)
  3 acid blobs (D)
  2 deep elf blademasters (D)
  9 quicksilver dragons (D)
  A kraken (D)
  5 shadow dragons (D)
  A death cob (D)
  6 azure jellies (D)
  6 rockslimes (D)
  8 frost giants (D)
  2 deep elf sorcerers (D)
  17 fire giants (D)
  A balrug (D)
  A quicksilver elemental (D)
  An iron dragon (D)
  2 ghouls (D)
  A war gargoyle (D)
  3 spriggan defenders (D)
  9 stone giants (D)
  A quicksilver ooze (D)
  A vampire knight (D)
  4 green draconians (D)
  3 putrid mouths (D)
  2 wendigos (D)
  2 deep elf annihilators (D)
  2 purple draconians (D)
  A white draconian (D)
  11 iron golems (D)
  A merfolk javelineer (D)
  8 ettins (D)
  A yellow draconian (D)
  5 crystal guardians (D)
  A mummy priest (D)
  3 deep elf high priests (D)
  4 merfolk impalers (D)
  3 great orbs of eyes (D)
  An ice dragon (D)
  2 hydras (D)
  2 spriggan air magi (D)
  A satyr (D)
  4 merfolk aquamancers (D)
  A death scarab (D)
  4 hell hogs (D)
  10 soul eaters (D)
  A dancing weapon (D)
  A deep elf knight (D)
  2 spriggan druids (D)
  A sea snake (D)
  A death drake (D)
  A skeletal warrior (D)
  A glowing orange brain (D)
  3 deep elf pyromancers (D)
  2 harpies (D)
  An orc sorcerer (D)
  An orb spider (D)
  2 necromancers (D)
  4 shining eyes (D)
  An ugly thing (D)
  7 cyclopes (D)
  A moth of wrath (D)
  A salamander (shapeshifter) (D)
  A merfolk siren (D)
  A water nymph (D)
  4 eyes of devastation (D)
  2 cane toads (D)
  An efreet (D)
  6 guardian mummies (D)
  2 jumping spiders (D)
  2 wind drakes (D)
  2 hornets (D)
  2 merfolk (D)
  12 slime creatures (D)
  A blink frog (D)
  A redback (D)
  A spriggan (D)
  A shadow (D)
  2 flying skulls (D)
  An ushabti (D)
  3 vampires (D)
  3 fire elementals (D)
  2 water elementals (D)
  2 golden eyes (D)
  2 hell hounds (D)
  A water moccasin (D)
  A floating eye (D)
  A black bear (D)
  2 swamp drakes (D)
  5 necrophages (D)
  3 wolves (D)
  A phantom (D)
  2 earth elementals (D)
  A wight (D)
  5 jellies (D)
  9 mummies (D)
  7 adder skeletons (D)
  7 adder zombies (D)
  An adder simulacrum (D)
  A spectral bat (D)
  A bat skeleton (D)
  6 bat zombies (D)
  A ball python simulacrum (D)
  4 ball python skeletons (D)
  3 ball python zombies (D)
  A giant cockroach zombie (D)
  2 quokka zombies (D)
  2 spectral ball pythons (D)
  A fire vortex (D)
  3 tentacles (D)
328 creatures vanquished.

Vanquished Creatures (others)
  8 profane servitors (D)
  17 bone dragons (D)
  A deep elf sorcerer (D)
  31 ghouls (D)
  32 vampire knights (D)
  A white draconian (D)
  2 fire dragons (D)
  A hell hog (D)
  26 skeletal warriors (D)
  22 flayed ghosts (D)
  37 phantasmal warriors (D)
  A shard shrike zombie (D)
  A tormentor (D)
  A merfolk (D)
  A doom hound zombie (D)
  A wraith (D)
  6 flying skulls (D)
  26 vampires (D)
  A fire elemental (D)
  7 quicksilver dragon zombies (D)
  2 titan zombies (D)
  2 hell hog zombies (D)
  2 ugly thing zombies (D)
  2 wights (D)
  A shadow dragon zombie (D)
  2 iron dragon zombies (D)
  4 fire giant zombies (D)
  A wolf spider zombie (D)
  A green draconian zombie (D)
  6 frost giant zombies (D)
  A purple draconian zombie (D)
  A death drake zombie (D)
  10 stone giant zombies (D)
  A stone giant skeleton (D)
  A fire giant skeleton (D)
  2 red draconian zombies (D)
  A satyr zombie (D)
  2 ettin zombies (D)
  A hydra zombie (D)
  A white draconian zombie (D)
  A yellow draconian zombie (D)
  An ettin skeleton (D)
  4 fire dragon zombies (D)
  13 ghoul skeletons (D)
  A redback zombie (D)
  A mummy (D)
  A rime drake zombie (D)
  3 wind drake zombies (D)
  2 ice dragon zombies (D)
  4 elf zombies (D)
  A harpy zombie (D)
  9 merfolk zombies (D)
  A water nymph zombie (D)
  2 hornet zombies (D)
  A wyvern zombie (D)
  A blink frog zombie (D)
  A centaur zombie (D)
  2 hell hound zombies (D)
  3 spriggan zombies (D)
  A swamp dragon zombie (D)
  3 cyclops zombies (D)
  An adder simulacrum (D)
  2 bat simulacra (D)
  A giant cockroach simulacrum (D)
  An iguana zombie (D)
  A jackal zombie (D)
  A necrophage skeleton (D)
  2 swamp drake zombies (D)
  A wolf zombie (D)
  4 fire vortices (D)
  4 tentacles (D)
341 creatures vanquished.

Grand Total: 871 creatures vanquished

Notes
Turn   | Place    | Note
-------+----------+-------------------------------------------
     0 | D        | dolemite99 the Minotaur Gladiator began the quest for the
                  | Orb.
     0 | D        | Reached XP level 1. HP: 18/18 MP: 0/0
     0 | D        | Found a shimmering blue altar of Sif Muna.
     0 | D        | Found a sacrificial altar of Ru.
     0 | D        | Found a bloodstained altar of Trog.
     0 | D        | Found a stormy altar of Qazlal.
     0 | D        | Found an iron altar of Okawaru.
     0 | D        | Found a sparkling altar of Nemelex Xobeh.
     0 | D        | Found a blossoming altar of Fedhas.
     0 | D        | Found the +6 Majin-Bo {vamp, MP+6 Int+6}
     0 | D        | Found the +9 heavy crossbow "Sniper" {vorpal, Acc+∞ SInv}
     0 | D        | Found the +10 dark maul {vorpal}
     0 | D        | Found the +15 Maxwell's patent armour {-Cast -Tele rElec
                  | Will+ rCorr}
     0 | D        | Found the +18 shield of the Gong {rElec rN+ Will+ EV-5}
     0 | D        | Found the +14 obsidian axe {vorpal, Mesm Drain Fly SInv}
     0 | D        | Found the +7 great mace "Firestarter" {inner flame, rF++}
     0 | D        | Found the +6 shillelagh "Devastator" {shatter}
     0 | D        | Found the +11 plutonium sword {Contam Stlth-}
     0 | D        | Found the +8 lance "Wyrmbane" {slay drac, rPois rF+ rC+
                  | AC+3}
     0 | D        | Found the +9 sword of Zonguldrok {reap}
     0 | D        | Found the +13 scythe of Curses {drain, Drain}
     0 | D        | Found the +5 sword of Power {vorpal}
     0 | D        | Found the +7 mace of Variability {chain chaos}
     0 | D        | Found the +7 Singing Sword {vorpal, sonic wave}
     0 | D        | Found the +8 storm bow {elec, penet}
     2 | D        | Found a transporter.
     2 | D        | Found an ancient bone altar of Kikubaaqudgha.
     2 | D        | Found a viscous altar of Jiyva.
     2 | D        | Found a corrupted altar of Lugonu.
     2 | D        | Found a hazy altar of Hepliaklqana.
     2 | D        | Found a burning altar of Makhleb.
     2 | D        | Found an opulent altar of Gozag.
    94 | D        | Became a worshipper of Yredelemnul the Dark
   115 | D        | Entered arena 2.
   115 | D        | Noticed a bullfrog
   115 | D        | Found a transporter.
   117 | D        | Killed a bullfrog
   118 | D        | Reached XP level 2. HP: 25/25 MP: 1/1
   118 | D        | Reached XP level 3. HP: 30/30 MP: 2/2
   119 | D        | Reached XP level 4. HP: 37/37 MP: 3/3
   331 | D        | Entered arena 3.
   331 | D        | Noticed a floating eye
   331 | D        | Found a transporter.
   332 | D        | Killed a floating eye
   332 | D        | Reached * piety under Yredelemnul
   333 | D        | Reached XP level 5. HP: 42/42 MP: 3/7
   336 | D        | Reached skill level 5 in Invocations
   357 | D        | Got Catit's Grimoire of the Icy Arsonist
   376 | D        | Reached XP level 6. HP: 50/50 MP: 8/8
   379 | D        | Entered arena 4.
   379 | D        | Found a transporter.
   384 | D        | Reached ** piety under Yredelemnul
   385 | D        | Reached skill level 10 in Maces & Flails
   405 | D        | Got the +7 scimitar "Miamocha" {freeze, rCorr MP+9 Dex+2}
   424 | D        | Entered arena 5.
   424 | D        | Noticed a swamp drake
   424 | D        | Noticed a swamp drake
   424 | D        | Noticed a steam dragon
   424 | D        | Noticed a swamp drake
   424 | D        | Found a transporter.
   429 | D        | Killed a swamp drake
   429 | D        | Reached *** piety under Yredelemnul
   430 | D        | Reached XP level 7. HP: 56/56 MP: 6/11
   439 | D        | Killed a steam dragon
   439 | D        | Received a gift from Yredelemnul (a mummy)
   596 | D        | Entered arena 6.
   596 | D        | Noticed an orc sorcerer
   596 | D        | Noticed a deep elf pyromancer
   596 | D        | Noticed a deep elf pyromancer
   596 | D        | Noticed a water elemental
   596 | D        | Noticed a deep elf knight
   596 | D        | Found a transporter.
   600 | D        | Killed a water elemental
   601 | D        | Reached skill level 5 in Fighting
   603 | D        | Killed a deep elf knight
   603 | D        | Reached **** piety under Yredelemnul
   603 | D        | Received a gift from Yredelemnul (a mummy)
   604 | D        | Reached skill level 10 in Fighting
   604 | D        | Reached XP level 8. HP: 80/80 MP: 13/13
   608 | D        | Killed a deep elf pyromancer
   612 | D        | Killed an orc sorcerer
   613 | D        | Reached skill level 10 in Crossbows
   613 | D        | Reached XP level 9. HP: 86/86 MP: 11/14
   625 | D        | Killed a deep elf pyromancer
   973 | D        | Entered arena 7.
   973 | D        | Noticed a spriggan rider
   979 | D        | Received a gift from Yredelemnul (a wight)
   979 | D        | Received a gift from Yredelemnul (3 flying skulls)
   983 | D        | Reached ***** piety under Yredelemnul
   989 | D        | Found a transporter.
  1202 | D        | Entered arena 8.
  1202 | D        | Noticed a merfolk
  1202 | D        | Noticed a wind drake
  1202 | D        | Noticed a cyclops
  1202 | D        | Noticed a wind drake
  1202 | D        | Noticed a merfolk
  1206 | D        | Killed a wind drake
  1207 | D        | Received a gift from Yredelemnul (4 flying skulls)
  1207 | D        | Received a gift from Yredelemnul (a vampire)
  1207 | D        | Killed a merfolk
  1207 | D        | Killed a cyclops
  1208 | D        | Reached XP level 10. HP: 91/94 MP: 15/15
  1209 | D        | Received a gift from Yredelemnul (a vampire)
  1209 | D        | Reached skill level 15 in Maces & Flails
  1238 | D        | Found a transporter.
  1250 | D        | Got the ring "Xeilin" {rC+ MP+9}
  1282 | D        | Entered arena 9.
  1282 | D        | Found the +3 pair of gauntlets of War {Slay+5}
  1282 | D        | Noticed a deep elf knight
  1282 | D        | Noticed a deep elf pyromancer
  1282 | D        | Noticed a deep elf pyromancer
  1282 | D        | Noticed a deep elf pyromancer
  1282 | D        | Noticed a deep elf pyromancer
  1282 | D        | Noticed a deep elf knight
  1284 | D        | Found a transporter.
  1290 | D        | Killed a deep elf knight
  1293 | D        | Killed a deep elf pyromancer
  1294 | D        | Received a gift from Yredelemnul (a wight)
  1294 | D        | Killed a deep elf pyromancer
  1294 | D        | Reached ****** piety under Yredelemnul
  1302 | D        | Killed a deep elf knight
  1302 | D        | Killed a deep elf pyromancer
  1302 | D        | Received a gift from Yredelemnul (a vampire)
  1302 | D        | Received a gift from Yredelemnul (2 flying skulls)
  1303 | D        | Killed a deep elf pyromancer
  1304 | D        | Reached skill level 5 in Slings
  1476 | D        | Got the +9 arbalest of Intuition {speed, rElec rC+ rCorr
                  | Int-3}
  1510 | D        | Entered arena 10.
  1510 | D        | Noticed a shining eye
  1510 | D        | Noticed a green ugly thing
  1510 | D        | Noticed a cyan ugly thing
  1510 | D        | Noticed a green ugly thing
  1518 | D        | Killed a shining eye
  1518 | D        | Killed a cyan ugly thing
  1519 | D        | Received a gift from Yredelemnul (a skeletal warrior)
  1519 | D        | Received a gift from Yredelemnul (a flayed ghost)
  1519 | D        | Reached skill level 15 in Crossbows
  1520 | D        | Reached XP level 11. HP: 101/101 MP: 9/16
  1520 | D        | Killed a cyan ugly thing
  1522 | D        | Killed a green ugly thing
  1525 | D        | Found a transporter.
  1691 | D        | Entered arena 11.
  1691 | D        | Found the +12 glaive of Prune {vorpal}
  1696 | D        | Reached skill level 1 in Staves
  1696 | D        | Received a gift from Yredelemnul (a phantasmal warrior)
  1697 | D        | Found a transporter.
  1703 | D        | Received a gift from Yredelemnul (a skeletal warrior)
  1703 | D        | Received a gift from Yredelemnul (a wraith)
  1795 | D        | Entered arena 12.
  1795 | D        | Noticed an ice dragon
  1795 | D        | Noticed a death drake
  1795 | D        | Noticed an ice dragon
  1795 | D        | Noticed a swamp dragon
  1796 | D        | Noticed an eight-headed hydra
  1797 | D        | Noticed a seven-headed hydra
  1799 | D        | Killed a death drake
  1800 | D        | Reached skill level 5 in Staves
  1800 | D        | Noticed a seven-headed hydra
  1800 | D        | Killed a swamp dragon
  1801 | D        | Received a gift from Yredelemnul (a flayed ghost)
  1801 | D        | Killed an ice dragon
  1803 | D        | Killed an eight-headed hydra
  1803 | D        | Received a gift from Yredelemnul (a vampire knight)
  1804 | D        | Killed a seven-headed hydra
  1805 | D        | Killed an ice dragon
  1805 | D        | Received a gift from Yredelemnul (a phantasmal warrior)
  1805 | D        | Killed a seven-headed hydra
  1806 | D        | Reached skill level 15 in Armour
  1821 | D        | Received a gift from Yredelemnul (a bone dragon)
  1832 | D        | Found a transporter.
  1842 | D        | Got the ring "Yheluiqy" {Wiz rF++ rCorr Slay-3 Stlth-}
  1928 | D        | Entered arena 13.
  1928 | D        | Noticed an orb spider
  1928 | D        | Noticed a wolf spider
  1935 | D        | Killed an orb spider
  1936 | D        | Received a gift from Yredelemnul (a vampire knight)
  1936 | D        | Received a gift from Yredelemnul (a vampire knight)
  1936 | D        | Received a gift from Yredelemnul (a vampire)
  1937 | D        | Killed a wolf spider
  1940 | D        | Received a gift from Yredelemnul (a ghoul)
  1947 | D        | Found the +10 Black Knight's barding {ponderous, rPois rN+}
  1954 | D        | Found a transporter.
  2027 | D        | Entered arena 14.
  2030 | D        | Noticed an ancient champion
  2030 | D        | Noticed a caustic shrike
  2030 | D        | Noticed an iron dragon
  2030 | D        | Noticed a quicksilver elemental
  2030 | D        | Noticed a quicksilver elemental
  2030 | D        | Noticed a war gargoyle
  2030 | D        | Noticed an iron golem
  2030 | D        | Noticed a dread lich
  2031 | D        | Noticed an ancient champion
  2034 | D        | Noticed a quicksilver elemental
  2035 | D        | Noticed an iron golem
  2037 | D        | Killed a caustic shrike
  2038 | D        | Reached XP level 12. HP: 53/110 MP: 4/17
  2038 | D        | Found a transporter.
  2038 | D        | Found the +3 giant club "Skullcrusher" {speed, Str+7}
  2038 | D        | Killed a quicksilver elemental
  2039 | D        | Received a gift from Yredelemnul (a flayed ghost)
  2039 | D        | Received a gift from Yredelemnul (a ghoul)
  2039 | D        | Killed a dread lich
  2040 | D        | Reached skill level 10 in Invocations
  2041 | D        | Entered arena 15.
  2041 | D        | Killed a war gargoyle
  2316 | D        | Noticed a frost giant
  2316 | D        | Noticed a frost giant
  2316 | D        | Noticed a shard shrike
  2316 | D        | Noticed a wendigo
  2316 | D        | Noticed a wendigo
  2318 | D        | Noticed a wendigo
  2318 | D        | Noticed a frost giant
  2319 | D        | Noticed a wendigo
  2319 | D        | Noticed a shard shrike
  2320 | D        | Paralysed by a wendigo for 1 turns
  2323 | D        | Killed a shard shrike
  2325 | D        | Paralysed by a wendigo for 1 turns
  2327 | D        | Killed a frost giant
  2330 | D        | Paralysed by a wendigo for 1 turns
  2331 | D        | Killed a frost giant
  2334 | D        | Killed a frost giant
  2335 | D        | Received a gift from Yredelemnul (a phantasmal warrior)
  2335 | D        | Reached skill level 15 in Fighting
  2335 | D        | Killed a shard shrike
  2335 | D        | Paralysed by a wendigo for 1 turns
  2336 | D        | Reached XP level 13. HP: 85/130 MP: 5/22
  2336 | D        | Killed a wendigo
  2337 | D        | Received a gift from Yredelemnul (a skeletal warrior)
  2337 | D        | Found a transporter.
  2338 | D        | Paralysed by a wendigo for 1 turns
  2340 | D        | Paralysed by a wendigo for 1 turns
  2346 | D        | Killed a wendigo
  2346 | D        | Paralysed by a wendigo for 1 turns
  2352 | D        | Killed a wendigo
  2352 | D        | Received a gift from Yredelemnul (a ghoul)
  2352 | D        | Received a gift from Yredelemnul (a profane servitor)
  2352 | D        | Received a gift from Yredelemnul (a vampire knight)
  2352 | D        | Paralysed by a wendigo for 1 turns
  2356 | D        | Killed a wendigo
  2382 | D        | Got the Tome of Poisonous Changing
  2684 | D        | Entered arena 16.
  2685 | D        | Noticed a fire giant
  2685 | D        | Noticed a fire giant
  2685 | D        | Noticed a fire giant
  2685 | D        | Noticed a searing wretch
  2685 | D        | Noticed a fire giant
  2686 | D        | Identified the +10 bardiche of Fimbulwinter {flame, Int+4}
  2686 | D        | Noticed a fire giant
  2686 | D        | Noticed a fire giant
  2693 | D        | Received a gift from Yredelemnul (a ghoul)
  2693 | D        | Killed a fire giant
  2694 | D        | Killed a fire giant
  2694 | D        | Received a gift from Yredelemnul (a flayed ghost)
  2695 | D        | Reached skill level 15 in Invocations
  2700 | D        | Killed a fire giant
  2704 | D        | Killed a fire giant
  2704 | D        | Received a gift from Yredelemnul (a profane servitor)
  2705 | D        | Killed a fire giant
  2707 | D        | Noticed a fire giant
  2713 | D        | Killed a fire giant
  2713 | D        | Received a gift from Yredelemnul (a profane servitor)
  2713 | D        | Received a gift from Yredelemnul (a ghoul)
  2714 | D        | Killed a searing wretch
  2719 | D        | Killed a fire giant
  2720 | D        | Received a gift from Yredelemnul (a flayed ghost)
  2721 | D        | Found a transporter.
  3058 | D        | Learned a level 3 spell: Vampiric Draining
  3073 | D        | Learned a level 3 spell: Swiftness
  3256 | D        | Got the +7 whip of Attainder {drain, rC+}
  3269 | D        | Entered arena 17.
  3275 | D        | Found the +5 scythe "Finisher" {speed, eviscerate}
  3275 | D        | Noticed a lich
  3276 | D        | Noticed a vampire knight
  3280 | D        | Received a gift from Yredelemnul (a vampire knight)
  3282 | D        | Received a gift from Yredelemnul (a bone dragon)
  3282 | D        | Received a gift from Yredelemnul (a ghoul)
  3282 | D        | Received a gift from Yredelemnul (a skeletal warrior)
  3285 | D        | Received a gift from Yredelemnul (a vampire)
  3285 | D        | Received a gift from Yredelemnul (a skeletal warrior)
  3287 | D        | Reached skill level 5 in Necromancy
  3288 | D        | Received a gift from Yredelemnul (a bone dragon)
  3289 | D        | Killed a vampire knight
  3290 | D        | Received a gift from Yredelemnul (a phantasmal warrior)
  3290 | D        | Received a gift from Yredelemnul (a skeletal warrior)
  3291 | D        | Killed a lich
  3301 | D        | Found a transporter.
  3383 | D        | Entered arena 18.
  3386 | D        | Noticed a deep elf blademaster
  3386 | D        | Noticed a deep elf sorcerer
  3386 | D        | Noticed a deep elf annihilator
  3386 | D        | Noticed a deep elf annihilator
  3386 | D        | Noticed a deep elf annihilator
  3387 | D        | Noticed a deep elf blademaster
  3390 | D        | Identified the ring of the Solstice {rPois rC+ Will+ rCorr}
  3390 | D        | Noticed a deep elf sorcerer
  3390 | D        | Killed a deep elf blademaster
  3391 | D        | Noticed a deep elf sorcerer
  3391 | D        | Killed a deep elf sorcerer
  3392 | D        | Received a gift from Yredelemnul (a ghoul)
  3392 | D        | Received a gift from Yredelemnul (a ghoul)
  3394 | D        | Received a gift from Yredelemnul (a phantasmal warrior)
  3394 | D        | Killed a deep elf blademaster
  3395 | D        | Reached XP level 14. HP: 143/143 MP: 6/24
  3395 | D        | Killed a deep elf sorcerer
  3395 | D        | Killed a deep elf sorcerer
  3399 | D        | Reached skill level 10 in Evocations
  3400 | D        | Received a gift from Yredelemnul (a phantasmal warrior)
  3401 | D        | Received a gift from Yredelemnul (a ghoul)
  3402 | D        | Found a transporter.
  3403 | D        | Received a gift from Yredelemnul (a vampire knight)
  3600 | D        | Entered arena 19.
  3603 | D        | Noticed a shadow dragon
  3604 | D        | Received a gift from Yredelemnul (a vampire knight)
  3604 | D        | Noticed a ghoul
  3604 | D        | Noticed a shadow dragon
  3605 | D        | Noticed a shadow dragon
  3609 | D        | Received a gift from Yredelemnul (a vampire knight)
  3609 | D        | Received a gift from Yredelemnul (a skeletal warrior)
  3609 | D        | Received a gift from Yredelemnul (a phantasmal warrior)
  3611 | D        | Received a gift from Yredelemnul (a ghoul)
  3611 | D        | Received a gift from Yredelemnul (a flayed ghost)
  3611 | D        | Received a gift from Yredelemnul (a flayed ghost)
  3611 | D        | Received a gift from Yredelemnul (a vampire)
  3611 | D        | Received a gift from Yredelemnul (a phantasmal warrior)
  3614 | D        | Killed a shadow dragon
  3616 | D        | Killed a shadow dragon
  3617 | D        | Killed a ghoul
  3617 | D        | Killed a shadow dragon
  3618 | D        | Reached skill level 5 in Spellcasting
  3621 | D        | Found a transporter.
  3634 | D        | Got the ring "Xehecoff" {Ice rElec Dex+8}
  3644 | D        | Got the Catalogue of Orientation
  3684 | D        | Entered arena 20.
  3693 | D        | Noticed a tentacled monstrosity
  3693 | D        | Noticed a quicksilver dragon
  3693 | D        | Noticed a death cob
  3693 | D        | Noticed a tentacled monstrosity
  3695 | D        | Found a transporter.
  3696 | D        | Identified the ring "Bidy" {EV+4 Int+4}
  3702 | D        | Received a gift from Yredelemnul (a vampire)
  3702 | D        | Killed a quicksilver dragon
  3704 | D        | Killed a tentacled monstrosity
  3705 | D        | Received a gift from Yredelemnul (a vampire)
  3705 | D        | Received a gift from Yredelemnul (a skeletal warrior)
  3705 | D        | Received a gift from Yredelemnul (a vampire)
  3706 | D        | Received a gift from Yredelemnul (a phantasmal warrior)
  3707 | D        | Received a gift from Yredelemnul (a ghoul)
  3707 | D        | Received a gift from Yredelemnul (a ghoul)
  3707 | D        | Received a gift from Yredelemnul (a skeletal warrior)
  3707 | D        | Received a gift from Yredelemnul (a vampire)
  3707 | D        | Received a gift from Yredelemnul (a ghoul)
  3707 | D        | Killed a tentacled monstrosity
  3707 | D        | Killed a death cob
  3708 | D        | Received a gift from Yredelemnul (a phantasmal warrior)
  3708 | D        | Reached skill level 15 in Evocations
  3710 | D        | Reached XP level 15. HP: 149/149 MP: 8/25
  3871 | D        | Got the Grimoire of the Entourage
  3874 | D        | Got Ipet's Collected Works on Fire
  3891 | D        | Got the Guide on Attacks
  3898 | D        | Acquired a manual of Dodging
  3935 | D        | Entered arena 21.
  3947 | D        | Noticed a royal mummy
  3948 | D        | Found the +8 frozen axe "Frostbite" {freezing cloud, *Noise
                  | Fly rC+}
  3953 | D        | Received a gift from Yredelemnul (a vampire)
  3953 | D        | Received a gift from Yredelemnul (a skeletal warrior)
  3954 | D        | Received a gift from Yredelemnul (a ghoul)
  3958 | D        | Received a gift from Yredelemnul (a ghoul)
  3958 | D        | Received a gift from Yredelemnul (a vampire)
  3958 | D        | Received a gift from Yredelemnul (a vampire)
  3961 | D        | Killed a royal mummy
  3962 | D        | Received a gift from Yredelemnul (a vampire)
  3962 | D        | Received a gift from Yredelemnul (a vampire knight)
  3963 | D        | Received a gift from Yredelemnul (a ghoul)
  3963 | D        | Received a gift from Yredelemnul (a vampire knight)
  3963 | D        | Received a gift from Yredelemnul (a bone dragon)
  3963 | D        | Received a gift from Yredelemnul (a profane servitor)
  3969 | D        | Received a gift from Yredelemnul (a vampire knight)
  3969 | D        | Received a gift from Yredelemnul (a skeletal warrior)
  4207 | D        | Found a transporter.
  4223 | D        | Got the ring "Giebuog" {Will+ Int+4}
  4239 | D        | Got the ring of Amorality {Fire rPois Dex+2}
  4243 | D        | Got the Tome of the Crushed Bones
  4330 | D        | Entered arena 22.
  4336 | D        | Noticed a Tzitzimitl
  4336 | D        | Noticed a doom hound
  4337 | D        | Noticed a shadow dragon
  4338 | D        | Noticed a bone dragon
  4339 | D        | Noticed a shadow dragon
  4343 | D        | Killed a shadow dragon
  4344 | D        | Received a gift from Yredelemnul (a vampire knight)
  4344 | D        | Received a gift from Yredelemnul (a vampire)
  4344 | D        | Received a gift from Yredelemnul (a skeletal warrior)
  4345 | D        | Reached skill level 15 in Dodging
  4345 | D        | Killed a doom hound
  4345 | D        | Killed a Tzitzimitl
  4346 | D        | Received a gift from Yredelemnul (a flayed ghost)
  4346 | D        | Received a gift from Yredelemnul (a phantasmal warrior)
  4348 | D        | Received a gift from Yredelemnul (a ghoul)
  4348 | D        | Received a gift from Yredelemnul (a vampire knight)
  4351 | D        | Received a gift from Yredelemnul (a phantasmal warrior)
  4352 | D        | Received a gift from Yredelemnul (a phantasmal warrior)
  4352 | D        | Received a gift from Yredelemnul (a vampire)
  4353 | D        | Received a gift from Yredelemnul (a vampire knight)
  4353 | D        | Received a gift from Yredelemnul (a skeletal warrior)
  4353 | D        | Killed a shadow dragon
  4354 | D        | Received a gift from Yredelemnul (a vampire)
  4356 | D        | Received a gift from Yredelemnul (a vampire knight)
  4356 | D        | Killed a bone dragon
  4588 | D        | Found a transporter.
  4625 | D        | Got the ring of the Worm {rF+++ rCorr Dex-2}
  4670 | D        | Learned a level 2 spell: Blink
  4682 | D        | Entered arena 23.
  4730 | D        | Received a gift from Yredelemnul (a vampire knight)
  4730 | D        | Received a gift from Yredelemnul (a flayed ghost)
  4731 | D        | Received a gift from Yredelemnul (a skeletal warrior)
  4732 | D        | Received a gift from Yredelemnul (a phantasmal warrior)
  4732 | D        | Received a gift from Yredelemnul (a flayed ghost)
  4732 | D        | Reached skill level 10 in Axes
  4734 | D        | Received a gift from Yredelemnul (a flayed ghost)
  4734 | D        | Received a gift from Yredelemnul (a vampire knight)
  4734 | D        | Received a gift from Yredelemnul (a phantasmal warrior)
  4736 | D        | Received a gift from Yredelemnul (a flayed ghost)
  4736 | D        | Received a gift from Yredelemnul (a phantasmal warrior)
  4736 | D        | Received a gift from Yredelemnul (a phantasmal warrior)
  4736 | D        | Received a gift from Yredelemnul (a flayed ghost)
  4741 | D        | Received a gift from Yredelemnul (a phantasmal warrior)
  4742 | D        | Identified the +5 great sword "Nigeac" {pain, *Noise Str+3
                  | SInv Stlth+}
  4743 | D        | Received a gift from Yredelemnul (a phantasmal warrior)
  4743 | D        | Received a gift from Yredelemnul (a vampire)
  4743 | D        | Received a gift from Yredelemnul (a vampire)
  4744 | D        | Killed a kraken
  4746 | D        | Received a gift from Yredelemnul (a vampire)
  4805 | D        | Found a transporter.
  4865 | D        | Entered arena 24.
  4883 | D        | Noticed an orb of fire
  4883 | D        | Noticed a fire giant
  4883 | D        | Found the +8 autumn katana {vorpal, Clar}
  4883 | D        | Noticed a fire giant
  4884 | D        | Identified the +7 spear "Omavio" {venom, Int+5}
  4886 | D        | Noticed an orb of fire
  4886 | D        | Noticed an orb of fire
  4887 | D        | Noticed an orb of fire
  4887 | D        | Identified the amulet "Xucwu" {RegenMP rN+ Regen+}
  4887 | D        | Noticed a fire giant
  4888 | D        | Received a gift from Yredelemnul (a vampire knight)
  4888 | D        | Identified the ring of Ikhlae {Wiz rElec Int+4 SInv}
  4888 | D        | Noticed a fire giant
  4888 | D        | Noticed an orb of fire
  4889 | D        | Noticed a fire giant
  4890 | D        | Killed a fire giant
  4891 | D        | Received a gift from Yredelemnul (a flayed ghost)
  4891 | D        | Received a gift from Yredelemnul (a phantasmal warrior)
  4891 | D        | Killed a fire giant
  4891 | D        | Identified the +9 hand axe of Valiance {freeze, rF+ rC+
                  | Dex+2}
  4896 | D        | Received a gift from Yredelemnul (a vampire)
  4896 | D        | Received a gift from Yredelemnul (a flayed ghost)
  4896 | D        | Noticed a fire giant
  4898 | D        | Received a gift from Yredelemnul (a flayed ghost)
  4899 | D        | Found a transporter.
  4899 | D        | Found the +0 staff of Battle
  4899 | D        | Found the +8 mithril axe "Arga" {speed, Will+}
  4902 | D        | Received a gift from Yredelemnul (a phantasmal warrior)
  4902 | D        | Received a gift from Yredelemnul (a vampire knight)
  4902 | D        | Received a gift from Yredelemnul (a bone dragon)
  4902 | D        | Killed a fire giant
  4902 | D        | Killed a fire giant
  4903 | D        | Received a gift from Yredelemnul (a phantasmal warrior)
  4903 | D        | Reached XP level 16. HP: 163/170 MP: 10/26
  4904 | D        | Received a gift from Yredelemnul (a bone dragon)
  4907 | D        | Received a gift from Yredelemnul (a phantasmal warrior)
  4907 | D        | Received a gift from Yredelemnul (a ghoul)
  4914 | D        | Received a gift from Yredelemnul (a bone dragon)
  4914 | D        | Received a gift from Yredelemnul (a bone dragon)
  4915 | D        | Killed an orb of fire
  4916 | D        | Received a gift from Yredelemnul (a ghoul)
  4917 | D        | Killed an orb of fire
  4919 | D        | Gained mutation: Your spells are a little easier to cast,
                  | but a little less powerful. [an orb of fire]
  4922 | D        | Gained mutation: You sometimes lose the ability to read
                  | scrolls when taking damage. [an orb of fire]
  4924 | D        | Killed an orb of fire
  4938 | D        | Killed an orb of fire
  4938 | D        | Received a gift from Yredelemnul (a profane servitor)
  4940 | D        | Killed an orb of fire
  5188 | D        | Got the ring of the First Spirits {Ice Dex+4}
  5195 | D        | Got the Volume of Ensnaring Transmutation
  5210 | D        | Got the Almanac of Necromancy
  5240 | D        | Learned a level 2 spell: Sublimation of Blood
  5266 | D        | Entered arena 25.
  5277 | D        | Received a gift from Yredelemnul (a flayed ghost)
  5277 | D        | Received a gift from Yredelemnul (a ghoul)
  5277 | D        | Received a gift from Yredelemnul (a skeletal warrior)
  5277 | D        | Identified the amulet of Iffatoch {Spirit Rampage rC++}
  5278 | D        | Received a gift from Yredelemnul (a vampire knight)
  5278 | D        | Received a gift from Yredelemnul (a vampire)
  5280 | D        | Reached skill level 10 in Necromancy
  5282 | D        | Received a gift from Yredelemnul (a profane servitor)
  5282 | D        | Received a gift from Yredelemnul (a vampire knight)
  5287 | D        | Received a gift from Yredelemnul (a phantasmal warrior)
  5287 | D        | Received a gift from Yredelemnul (a skeletal warrior)
  5287 | D        | Received a gift from Yredelemnul (a flayed ghost)
  5288 | D        | Reached XP level 17. HP: 178/178 MP: 8/29
  5293 | D        | Reached skill level 5 in Translocations
  5314 | D        | Found the +3 pair of seven-league boots {Rampage+∞}
  5314 | D        | Found the +8 Vampire's Tooth {vamp}
  5318 | D        | Found a transporter.
  5328 | D        | Acquired a +0 hat of willpower
  5426 | D        | Got Jacumol's Grimoire of the Icy Volcanoes
  5432 | D        | Entered arena 26.
  5449 | D        | Received a gift from Yredelemnul (a vampire)
  5450 | D        | Received a gift from Yredelemnul (a phantasmal warrior)
  5450 | D        | Received a gift from Yredelemnul (a ghoul)
  5452 | D        | Received a gift from Yredelemnul (a phantasmal warrior)
  5452 | D        | Received a gift from Yredelemnul (a phantasmal warrior)
  5452 | D        | Received a gift from Yredelemnul (a ghoul)
  5454 | D        | Noticed an acid blob
  5455 | D        | Noticed an acid blob
  5455 | D        | Killed an acid blob
  5456 | D        | Noticed an acid blob
  5457 | D        | Killed an acid blob
  5458 | D        | Received a gift from Yredelemnul (a vampire knight)
  5459 | D        | Received a gift from Yredelemnul (a phantasmal warrior)
  5459 | D        | Received a gift from Yredelemnul (a skeletal warrior)
  5459 | D        | Reached skill level 10 in Translocations
  5460 | D        | Paralysed by a floating eye for 2 turns
  5461 | D        | Received a gift from Yredelemnul (a skeletal warrior)
  5461 | D        | Received a gift from Yredelemnul (a skeletal warrior)
  5462 | D        | Killed an acid blob
  5463 | D        | Received a gift from Yredelemnul (a phantasmal warrior)
  5463 | D        | Received a gift from Yredelemnul (a ghoul)
  5463 | D        | Received a gift from Yredelemnul (a vampire)
  5463 | D        | Received a gift from Yredelemnul (a phantasmal warrior)
  5463 | D        | Received a gift from Yredelemnul (a vampire knight)
  5466 | D        | Received a gift from Yredelemnul (a phantasmal warrior)
  5466 | D        | Received a gift from Yredelemnul (a vampire knight)
  5466 | D        | Received a gift from Yredelemnul (a vampire knight)
  5483 | D        | Found a transporter.
  5555 | D        | Got the ring "Ceudgh" {rF+ rCorr Int+5 Stlth-}
  5587 | D        | Got the amulet "Irorhod" {rF+ Regen+ Stlth+}
  5611 | D        | Entered arena 27.
  5642 | D        | Noticed a titan
  5643 | D        | Noticed a titan
  5644 | D        | Identified the +7 scimitar of Res Nullius {pain, rElec}
  5644 | D        | Noticed a titan
  5647 | D        | Killed a titan
  5647 | D        | Identified the +4 scimitar "Ohutilivos" {freeze, rC+}
  5648 | D        | Killed a titan
  5648 | D        | Noticed a titan
  5649 | D        | Received a gift from Yredelemnul (a skeletal warrior)
  5650 | D        | Received a gift from Yredelemnul (a profane servitor)
  5650 | D        | Noticed a titan
  5653 | D        | Received a gift from Yredelemnul (a skeletal warrior)
  5653 | D        | Received a gift from Yredelemnul (a vampire)
  5653 | D        | Received a gift from Yredelemnul (a vampire)
  5653 | D        | Noticed a titan
  5654 | D        | Received a gift from Yredelemnul (a profane servitor)
  5654 | D        | Received a gift from Yredelemnul (a phantasmal warrior)
  5655 | D        | Received a gift from Yredelemnul (a phantasmal warrior)
  5655 | D        | Received a gift from Yredelemnul (a bone dragon)
  5655 | D        | Received a gift from Yredelemnul (a skeletal warrior)
  5655 | D        | Received a gift from Yredelemnul (a phantasmal warrior)
  5657 | D        | Received a gift from Yredelemnul (a ghoul)
  5659 | D        | Received a gift from Yredelemnul (a ghoul)
  5659 | D        | Received a gift from Yredelemnul (a vampire)
  5660 | D        | Killed a titan
  5661 | D        | Reached skill level 27 in Fighting
  5662 | D        | Received a gift from Yredelemnul (a phantasmal warrior)
  5662 | D        | Received a gift from Yredelemnul (a flayed ghost)
  5662 | D        | Received a gift from Yredelemnul (a ghoul)
  5663 | D        | Killed a titan
  5665 | D        | Received a gift from Yredelemnul (a bone dragon)
  5665 | D        | Received a gift from Yredelemnul (a ghoul)
  5665 | D        | Received a gift from Yredelemnul (a vampire knight)
  5665 | D        | Received a gift from Yredelemnul (a flayed ghost)
  5665 | D        | Received a gift from Yredelemnul (a ghoul)
  5665 | D        | Received a gift from Yredelemnul (a vampire knight)
  5665 | D        | Received a gift from Yredelemnul (a phantasmal warrior)
  5665 | D        | Noticed a titan
  5667 | D        | Reached XP level 18. HP: 187/200 MP: 8/30
  5668 | D        | Found a transporter.
  5669 | D        | Received a gift from Yredelemnul (a phantasmal warrior)
  5671 | D        | Received a gift from Yredelemnul (a vampire knight)
  5671 | D        | Received a gift from Yredelemnul (a phantasmal warrior)
  5795 | D        | Got the ring of Losaemu {rElec rPois rC+ Will+}
  5805 | D        | Got the Reference Book on Cloudy Summoning
  5825 | D        | Acquired a +3 vampiric executioner's axe
  5888 | D        | Entered arena 28.
  5916 | D        | Received a gift from Yredelemnul (a flayed ghost)
  5917 | D        | Received a gift from Yredelemnul (a ghoul)
  5922 | D        | Received a gift from Yredelemnul (a phantasmal warrior)
  5923 | D        | Received a gift from Yredelemnul (a vampire)
  5930 | D        | Received a gift from Yredelemnul (a flayed ghost)
  5930 | D        | Received a gift from Yredelemnul (a skeletal warrior)
  5936 | D        | Received a gift from Yredelemnul (a ghoul)
  5936 | D        | Received a gift from Yredelemnul (a phantasmal warrior)
  5938 | D        | Received a gift from Yredelemnul (a ghoul)
  5938 | D        | Received a gift from Yredelemnul (a vampire)
  5938 | D        | Received a gift from Yredelemnul (a skeletal warrior)
  5938 | D        | Received a gift from Yredelemnul (a skeletal warrior)
  5938 | D        | Received a gift from Yredelemnul (a skeletal warrior)
  5939 | D        | Reached skill level 27 in Armour
  5940 | D        | Received a gift from Yredelemnul (a ghoul)
  5940 | D        | Received a gift from Yredelemnul (a bone dragon)
  5942 | D        | Received a gift from Yredelemnul (a vampire)
  5945 | D        | Received a gift from Yredelemnul (a vampire)
  5945 | D        | Received a gift from Yredelemnul (a vampire)
  5948 | D        | Received a gift from Yredelemnul (a phantasmal warrior)
  5955 | D        | Received a gift from Yredelemnul (a ghoul)
  5957 | D        | Received a gift from Yredelemnul (a vampire knight)
  5958 | D        | Received a gift from Yredelemnul (a vampire knight)
  5959 | D        | Received a gift from Yredelemnul (a vampire knight)
  5968 | D        | Received a gift from Yredelemnul (a profane servitor)
  5968 | D        | Received a gift from Yredelemnul (a skeletal warrior)
  5970 | D        | Received a gift from Yredelemnul (a bone dragon)
  5971 | D        | Received a gift from Yredelemnul (a bone dragon)
  5971 | D        | Received a gift from Yredelemnul (a bone dragon)
  5973 | D        | Received a gift from Yredelemnul (a phantasmal warrior)
  5973 | D        | Received a gift from Yredelemnul (a skeletal warrior)
  5978 | D        | Received a gift from Yredelemnul (a flayed ghost)
  5983 | D        | Received a gift from Yredelemnul (a vampire knight)
  5989 | D        | Received a gift from Yredelemnul (a bone dragon)
  5999 | D        | Received a gift from Yredelemnul (a bone dragon)
  5999 | D        | Received a gift from Yredelemnul (a vampire knight)
  5999 | D        | Received a gift from Yredelemnul (a bone dragon)
  6002 | D        | Found the +2 robe of Vines {NoPotionHeal Regen+++}
  6004 | D        | Found a transporter.
  6018 | D        | Reached skill level 27 in Dodging
  6021 | D        | Received a gift from Yredelemnul (a phantasmal warrior)
  6021 | D        | Received a gift from Yredelemnul (a bone dragon)
  6028 | D        | Received a gift from Yredelemnul (a ghoul)
  6028 | D        | Received a gift from Yredelemnul (a vampire knight)
  6387 | D        | Acquired a manual of Spellcasting
  6399 | D        | Got the Catalogue of the Nine Gods
  6417 | D        | Got the Volume of Dark Arts
  6489 | D        | Got the Orb of Zot
  6496 | D        | Escaped with the Orb!

Illustrated notes

Levels and vault maps discovered:
D:        sprint_v [room_start, room_1, room_2, room_3, room_4, room_5, room_6,
          room_7, room_8, room_9, room_10, room_11, room_12, room_13, room_14,
          room_15, room_16, room_17, room_18, room_19, room_20, room_21,
          room_22, room_23, room_24, room_25, room_26, room_27]

Skill      XL: |  1  2  3  4  5  6  7  8  9 10 11 12 13 14 15 16 17 18 |
---------------+-------------------------------------------------------+-----
Maces & Flails | 7 9 11 12 14 17 20 | 20.0
Evocations     | 4 8 15 16 19 21 | 21.6
Invocations    | 4 5 6 8 14 15 17 | 17.0
Armour         | 11 15 24 27 | 27.0
Fighting       | 10 11 16 18 22 27 | 27.0
Crossbows      | 10 13 15 16 19 23 | 23.6
Slings         | 5 |  5.4
Staves         | 8 |  8.7
Dodging        | 11 12 18 27 | 27.0
Necromancy     | 9 12 | 12.0
Spellcasting   | 5 9 |  9.0
Axes           | 22 23 | 23.7
Translocations | 4 13 | 13.9
Throwing       | |  2.0

Action                   |  1- 3 |  4- 6 |  7- 9 | 10-12 | 13-15 | 16-18 || total
-------------------------+-------+-------+-------+-------+-------+-------++-------
Melee: Demon whip        |     3 |    10 |    15 |     3 |       |       ||    31
       Headbutt          |     1 |     1 |     6 |     2 |     5 |    11 ||    26
       Great mace        |       |       |       |     3 |    11 |       ||    14
       Lajatang          |       |       |       |     7 |       |       ||     7
       Executioner's axe |       |       |       |       |     2 |    51 ||    53
 Fire: Arbalest          |       |       |       |     7 |       |       ||     7
       Heavy crossbow    |       |       |       |       |     2 |       ||     2
 Cast: Blink             |       |       |       |       |       |     3 ||     3
Invok: Animate Remains   |       |     2 |       |       |       |       ||     2
       Injury Mirror     |       |     1 |       |       |       |       ||     1
       Animate Dead      |       |       |     4 |     7 |    11 |    12 ||    34
       Drain Life        |       |       |       |     9 |    22 |    18 ||    49
       Recall Undead Sla |       |       |       |     2 |     7 |     6 ||    15
Evoke: Wand              |       |     4 |     2 |     1 |     2 |     1 ||    10
       Condenser vane    |       |       |     3 |     6 |     4 |     4 ||    17
       Phial of floods   |       |       |       |       |     2 |       ||     2
       Phantom mirror    |       |       |       |       |     3 |     1 ||     4
       Box of beasts     |       |       |       |       |       |     7 ||     7
  Use: Potion            |       |     2 |       |     3 |     6 |     9 ||    20
       Scroll            |       |       |     4 |     2 |     5 |    15 ||    26
 Stab: Confused          |       |       |     2 |       |       |       ||     2
       Distracted        |       |       |       |       |     2 |     4 ||     6
       Invisible         |       |       |       |       |       |     1 ||     1
Armor: Storm dragon scal |     1 |       |       |       |       |       ||     1
       Gold dragon scale |       |     3 |     4 |    51 |    62 |    73 ||   193
Dodge: Dodged            |     1 |       |     2 |    20 |    30 |    68 ||   121

Table legend: (Time is in decaauts)
 A = Elapsed time spent in this place.
 B = Non-inter-level travel time spent in this place.
 C = Inter-level travel time spent in this place.
 D = Time resting spent in this place.
 E = Time spent auto-exploring this place.
 F = Levels seen in this place.
 G = Mean time per level.
                   A        B        C        D        E       F      G
               +--------+--------+--------+--------+--------+-----+--------+
         Total |   6420 |   6415 |      5 |   2859 |    734 |   1 | 6420.0 |
       Dungeon |   6420 |   6415 |      5 |   2859 |    734 |   1 | 6420.0 |
               +--------+--------+--------+--------+--------+-----+--------+

Top non-repeatable levels by time:
       D: 6420 daAuts
